 Dungeon Crawl Stone Soup version 0.25-a0-100-g33052ceff8 (webtiles) character file.

Game seed: 732518691886637490, levelgen mode: deterministic

4771 Gargoyl the Chopper (level 10, -4/124 HPs)
             Began as a Centaur Abyssal Knight on Nov 15, 2019.
             Was a Priest of Lugonu.
             Slain by a death yak (13 damage)
             ... on level 7 of the Dungeon.
             The game lasted 00:12:42 (8992 turns).

Gargoyl the Chopper (Centaur Abyssal Knight)        Turns: 8992, Time: 00:12:42

Health: -4/124     AC: 14    Str: 21    XL:     10   Next: 23%
Magic:  14/14      EV:  6    Int: 11    God:    Lugonu [***...]
Gold:   383        SH:  7    Dex: 16    Spells: 9/9 levels left

rFire    + . .     SeeInvis .   x - +4 hand axe of the Unkillable {speed, rF+}
rCold    . . .     Gourm    .   i - +2 buckler
rNeg     . . .     Faith    .   d - +2 plate armour {rPois}
rPois    +         Spirit   .   (no helmet)
rElec    .         Reflect  .   (no cloak)
rCorr    .         Harm     .   m - +0 pair of gloves
MR       .....     NoTele   +   (no barding)
Stlth    ..........             p - amulet of Summer {-Tele +Rage Dex+5}
HPRegen  0.30/turn              (no ring)
MPRegen  0.14/turn              (no ring)

@: berserking (expiring), very quick
A: large, hooves 3, deformed body, speed 2, tough skin 3
a: Depart the Abyss, Bend Space, Banish, Renounce Religion, Evoke Berserk Rage


You were on level 7 of the Dungeon.
You worshipped Lugonu.
Lugonu was most pleased with you.
You were very hungry.

You visited 1 branch of the dungeon, and saw 8 of its levels.
You visited the Abyss 1 time.

You collected 592 gold pieces.
You spent 209 gold pieces at shops.

Inventory:

Hand Weapons
 a - a +3 hand axe
 x - the +4 hand axe of the Unkillable (weapon) {speed, rF+}
   (You found it on level 7 of the Dungeon)

   Attacks with this weapon are significantly faster.
   It protects you from fire.
Armour
 d - a +2 plate armour of poison resistance (worn)
 i - a +2 buckler (worn)
 m - a +0 pair of gloves (worn)
Jewellery
 p - the amulet of Summer (around neck) {-Tele +Rage Dex+5}
   (You found it on level 5 of the Dungeon)

   [amulet of rage]

   It affects your dexterity (+5).
   It lets you go berserk.
   It prevents most forms of teleportation.
Wands
 o - a wand of clouds (7)
 q - a wand of paralysis (13)
 t - a wand of scattershot (2)
 w - a wand of digging (3)
 B - a wand of iceblast (9)
Scrolls
 b - a scroll of identify
 h - 4 scrolls of teleportation
 n - a scroll of fear
 u - 4 scrolls of remove curse
Potions
 e - 3 potions of might
 f - a potion of lignification
 j - 3 potions of haste
 k - 2 potions of flight {unknown}
 l - a potion of magic {unknown}
 r - a potion of experience {unknown}
 s - 2 potions of curing
 v - 3 potions of heal wounds
 z - a potion of ambrosia {unknown}
 C - a potion of invisibility {unknown}
Comestibles
 c - 11 rations


   Skills:
 + Level 5.6 Fighting
 + Level 6.8 Axes
 * Level 6.5 Armour
 * Level 4.4 Dodging
 + Level 2.3 Shields
 * Level 6.4 Invocations
 + Level 1.3 Evocations


You had 9 spell levels left.
You didn't know any spells.
Your spell library was empty.

Dungeon Overview and Level Annotations

Branches:
Dungeon (8/15)             Temple (0/1) D:7
   Lair: D:8-11

Altars:
Gozag
Ru
The Shining One

Shops:
D:6 !!


Innate Abilities, Weirdness & Mutations

You have hooves in place of feet.
Armour fits poorly on your strangely shaped body.
You cover ground very quickly.
You have extremely tough skin. (AC +3)


Message History

The death yak is moderately wounded.
You hit the death yak. You block the death yak's attack.
Unknown command.
You barely miss the death yak. Your kick misses the death yak.
The death yak is moderately wounded.
You slash the death yak! You block the death yak's attack.
Unknown command.
You hit the death yak. You kick the death yak!
The death yak is severely wounded.
You barely miss the death yak. The death yak gores you!!
* * * LOW HITPOINT WARNING * * *
Unknown command.
You hit the death yak. You kick the death yak.
The death yak is severely wounded.
Your plate armour prevents you from hitting the death yak.
Unknown command.
You slash the death yak! You kick the death yak!
The death yak is severely wounded.
You hit the death yak but do no damage. The death yak gores you!
You die...

#####...#..# ##..##.##
#...#..# # #...#..# ##
#...##.## .#
#....#..#### .#
##..........# .#
##...)Y....#.# .##
###....[@(##...#
..#######......Y.#####.#
....#...........## ###
.......####....##
......## ##..## .....##
#..# ....## #..# ...##
#..# #### ...# #..#
####..#


You could see 2 death yaks.

Vanquished Creatures
  3 death yaks (D:7)
  Pikel (D:3)
  Joseph (D:7)
  Grinder (D:4)
  A yak (D:7)
  A water moccasin (D:6)
  An orc warrior (D:7)
  A sky beast (D:7)
  An ogre (D:4)
  2 centaurs (D:7)
  4 bullfrogs
  Blork the orc (D:4)
  A wyvern zombie (D:7)
  A scorpion (D:4)
  2 wights (D:7)
  A crimson imp (D:5)
  2 howler monkeys
  2 hounds (D:7)
  5 orc priests
  2 orc wizards
  A bullfrog skeleton (D:4)
  Jessica (D:2)
  Terence (D:2)
  3 iguanas
  A worker ant (D:5)
  A hound skeleton (D:6)
  A worker ant zombie (D:5)
  4 gnolls
  A howler monkey skeleton (D:3)
  5 adders
  2 oozes
  2 worms (D:2)
  5 dart slugs
  2 leopard geckos
  18 orcs
  2 ball pythons (D:3)
  5 bats
  4 giant cockroaches
  6 hobgoblins
  3 jackals (D:6)
  3 quokkas
  5 frilled lizards
  A giant cockroach zombie (D:6)
  4 goblins
  4 kobolds
  12 rats
131 creatures vanquished.

Vanquished Creatures (others)
  An adder skeleton (D:4)
  3 toadstools (D:2)
4 creatures vanquished.

Grand Total: 135 creatures vanquished

Notes
Turn   | Place    | Note
-------+----------+-------------------------------------------
     0 | Abyss:1  | Gargoyl the Centaur Abyssal Knight began the quest for the
                  | Orb.
     0 | Abyss:1  | Reached XP level 1. HP: 19/19 MP: 2/2
    10 | Abyss:1  | Found an opulent altar of Gozag.
   215 | Abyss:2  | Noticed a quasit
   236 | Abyss:2  | Noticed a spatial maelstrom
   236 | Abyss:2  | Noticed a spatial vortex
   237 | Abyss:2  | Noticed a spatial vortex
   237 | D:1      | Escaped the Abyss
   383 | D:1      | Reached * piety under Lugonu
   383 | D:1      | Reached XP level 2. HP: 20/26 MP: 3/3
   670 | D:1      | Reached skill level 1 in Dodging
   679 | D:1      | Reached XP level 3. HP: 22/31 MP: 4/4
  1054 | D:2      | Noticed Jessica
  1063 | D:2      | Killed Jessica
  1066 | D:2      | Reached XP level 4. HP: 35/40 MP: 5/5
  1340 | D:2      | Reached ** piety under Lugonu
  1859 | D:2      | Noticed Terence
  1881 | D:2      | Killed Terence
  2153 | D:3      | Found a sacrificial altar of Ru.
  2182 | D:3      | Reached XP level 5. HP: 46/46 MP: 7/7
  2612 | D:4      | Noticed a slave
  2612 | D:4      | Noticed a slave
  2613 | D:4      | Noticed Pikel
  2613 | D:4      | Noticed a slave
  2613 | D:4      | Noticed a slave
  2718 | D:3      | Killed Pikel
  2718 | D:3      | Reached XP level 6. HP: 51/52 MP: 8/8
  2718 | D:3      | Reached XP level 7. HP: 58/59 MP: 9/9
  2999 | D:4      | Noticed Grinder
  3009 | D:4      | Paralysed by Grinder for 4 turns
  3017 | D:4      | Killed Grinder
  3017 | D:4      | Reached skill level 1 in Shields
  3476 | D:4      | Noticed Blork the orc
  3485 | D:4      | Killed Blork the orc
  3485 | D:4      | Reached XP level 8. HP: 66/67 MP: 11/11
  3769 | D:5      | Entered Level 5 of the Dungeon
  3914 | D:5      | Reached *** piety under Lugonu
  4666 | D:5      | Got an ancient lead amulet
  5530 | D:6      | Found Sevos's Distillery.
  5615 | D:6      | Reached skill level 5 in Axes
  6108 | D:6      | Found Kuassul's Distillery.
  6116 | D:6      | Bought a potion of heal wounds for 55 gold pieces
  6116 | D:6      | Bought 2 potions of heal wounds for 110 gold pieces
  6116 | D:6      | Bought a potion of might for 44 gold pieces
  6180 | D:7      | Identified the amulet of Summer {-Tele +Rage Dex+5} (You
                  | found it on level 5 of the Dungeon)
  6191 | D:7      | Got an ancient hand axe
  6192 | D:7      | Identified the +4 hand axe of the Unkillable {speed, rF+}
                  | (You found it on level 7 of the Dungeon)
  6320 | D:7      | Found a staircase to the Ecumenical Temple.
  6441 | D:7      | Reached skill level 5 in Armour
  6442 | D:7      | Reached skill level 5 in Invocations
  6601 | D:7      | Reached XP level 9. HP: 59/73 MP: 12/12
  6862 | D:7      | Noticed Joseph
  6893 | D:7      | Killed Joseph
  6893 | D:7      | Reached skill level 5 in Fighting
  7765 | D:8      | Found a glowing golden altar of the Shining One.
  7769 | D:8      | Found an opulent altar of Gozag.
  7788 | D:8      | Noticed a death yak
  8155 | D:7      | Reached **** piety under Lugonu
  8282 | D:8      | Noticed a death yak
  8564 | D:7      | Killed a death yak
  8602 | D:8      | Noticed a death yak
  8602 | D:8      | Noticed a death yak
  8602 | D:8      | Noticed a death yak
  8805 | D:7      | Killed a death yak
  8805 | D:7      | Reached skill level 1 in Evocations
  8805 | D:7      | Reached XP level 10. HP: 81/81 MP: 14/14
  8816 | D:7      | Killed a death yak
  8992 | D:7      | Slain by a death yak

Levels and vault maps discovered:
D:1:      lightli_molten_gateway, layout_basic
D:2:      layout_loops_ring, minmay_gold_behind_fungi, uniq_terence,
          uniq_jessica
D:3:      layout_rooms, overflow_temple_1_default, minmay_misc_feat_chi
D:4:      layout_gridville, uniq_blork_the_orc, uniq_grinder, uniq_pikel
D:5:      layout_layer_cave, first_ration
D:6:      layout_basic, serial_shops, shop, shop, nicolae_lava_and_water,
          grunt_ministairs_4, hangedman_decor_growths
D:7:      layout_layer_cave, minmay_temple_entry_junction_2, tgw_xom,
          uniq_joseph
D:8:      layout_cave_pools, minitemple, dpeg_lair_monsters

Skill      XL: |  1  2  3  4  5  6  7  8  9 |
---------------+----------------------------+-----
Dodging        | 1 2 3 4 |  4.4
Axes           | 2 3 4 5 6 |  6.8
Armour         | 2 3 4 5 6 |  6.5
Fighting       | 4 5 |  5.6
Invocations    | 3 4 5 6 |  6.4
Shields        | 1 2 |  2.3
Evocations     | 1 |  1.3

Action                   |  1- 3 |  4- 6 |  7- 9 | 10-12 || total
-------------------------+-------+-------+-------+-------++-------
Melee: Hand axe          |    63 |   154 |   352 |    21 ||   590
       Kick              |    18 |    33 |   101 |    10 ||   162
Invok: Depart the Abyss  |     1 |       |       |       ||     1
       Banish            |       |       |     1 |       ||     1
 Abil: Evoke Berserk Rag |       |       |     4 |     1 ||     5
  Use: Scroll            |     7 |     3 |     9 |       ||    19
       Potion            |     1 |     4 |       |       ||     5
  Eat: Ration            |       |     1 |     1 |       ||     2
       Chunk             |       |       |    16 |     2 ||    18
Armor: Chain mail        |    45 |    55 |       |       ||   100
       Plate armour      |       |    38 |   199 |     6 ||   243
Dodge: Dodged            |    24 |    26 |    26 |     3 ||    79
Block: Buckler           |       |    29 |    87 |     5 ||   121

Table legend:
 A = Non-vault XP
 B = Vault XP
 C = Vault XP percentage of total XP
 D = Non-vault monster count
 E = Vault monster count
 F = Vault count percentage of total count
                 A         B        C        D         E       F
            +---------+---------+-------+---------+---------+-------
      Total |    2254 |    4562 |  66.9 |     115 |      16 |  12.2
            +---------+---------+-------+---------+---------+-------
        D:1 |      54 |       0 |   0.0 |      22 |       0 |   0.0
        D:2 |      51 |      73 |  58.9 |      21 |       2 |   8.7
        D:3 |      50 |     663 |  93.0 |      12 |       1 |   7.7
        D:4 |     348 |     345 |  49.8 |      10 |       2 |  16.7
        D:5 |     307 |       0 |   0.0 |      20 |       0 |   0.0
        D:6 |     352 |      87 |  19.8 |      10 |       5 |  33.3
        D:7 |    1092 |    3394 |  75.7 |      20 |       6 |  23.1
            +---------+---------+-------+---------+---------+-------
